 Dungeon Crawl Stone Soup version 0.28-a0-750-g7c675f85b1 (webtiles) character file.

Game seed: 4123251827467590474

375 lawman0 the Chopper (level 6, -6/51 HPs)
             Began as a Palentonga Berserker on Oct 30, 2021.
             Was a Believer of Trog.
             Killed by divine providence
             ... invoked by an orc priest
              (9 damage)
             ... on level 3 of the Dungeon.
             The game lasted 00:03:20 (2666 turns).

lawman0 the Chopper (Palentonga Berserker)          Turns: 2666, Time: 00:03:21

Health: -6/51      AC: 12    Str: 23    XL:     6   Next: 44%
Magic:  6/6        EV:  7    Int:  7    God:    Trog [**....]
Gold:   75         SH:  0    Dex:  9    Spells: 5/5 levels left

rFire   . . .      SeeInvis +   a - +1 war axe (flame)
rCold   . . .      Faith    .   (no shield)
rNeg    . . .      Spirit   .   n - +2 leather armour {Will+}
rPois   .          Reflect  .   f - +0 helmet
rElec   .          Harm     .   (no cloak)
rCorr   .          Rampage  .   (no gloves)
Will    +....                   m - +0 barding
Stlth   +.........              e - amulet of the acrobat
HPRegen 0.17/turn               (no ring)
MPRegen 0.10/turn               (no ring)

@: about to teleport, on berserk cooldown, attractive, slowed, very slow
A: large, rugged brown scales 3, see invisible, deformed body, roll 1, armoured
tail
a: Rolling Charge, Renounce Religion, Berserk, Trog's Hand


You were on level 3 of the Dungeon.
You worshipped Trog.
Trog was pleased with you.
You visited 1 branch of the dungeon, and saw 3 of its levels.

You collected 75 gold pieces.

Inventory:

Hand Weapons
 a - a +1 war axe of flaming (weapon)
Armour
 f - a +0 helmet (worn)
 m - a +0 barding (worn)
 n - a +2 leather armour of willpower (worn)
Jewellery
 e - an amulet of the acrobat (around neck)
Wands
 o - a wand of paralysis (2)
Scrolls
 c - a scroll of teleportation
 d - a scroll of magic mapping
 g - 2 scrolls of blinking {unknown}
 j - a scroll of fog {unknown}
Potions
 b - a potion of invisibility {unknown}
 i - 4 potions of curing {unknown}
 k - 2 potions of lignification {unknown}
 p - a potion of heal wounds {unknown}


   Skills:
 + Level 4.1 Fighting
 * Level 6.0 Axes
 + Level 2.0 Armour
 + Level 2.5 Dodging
 + Level 0.4 Stealth


You had 5 spell levels left.
You didn't know any spells.
Your spell library was empty.

Dungeon Overview and Level Annotations

Branches:
Dungeon (3/15)

Altars:
Uskayaw
Vehumet

Annotations:
D:3 Robin


Innate Abilities, Weirdness & Mutations

You are completely covered in rugged brown scales. (AC +3, +7% HP)
You have supernaturally acute eyesight. (SInv)
Armour fits poorly on your strangely shaped body.
You can roll at nearby foes to attack.
You have a long armoured tail.


Message History

The giant cockroach is attracted toward you.
Things that are here:
a +0 club; a goblin corpse You slash the orc priest!
You burn the orc priest.
The orc priest is heavily wounded.
You hit the giant cockroach. You burn the giant cockroach.
The orc priest calls upon Beogh to heal the orc priest.
The orc priest is healed somewhat.
The giant cockroach bites you.
The orc priest hits you with a +0 dagger.
A hobgoblin comes into view.
The giant cockroach bites you but does no damage.
The orc priest hits you but does no damage.
The hobgoblin moves out of view.
Robin is attracted toward you. The goblin is attracted toward you.
The hobgoblin is attracted toward you. 2 goblins come into view.
Unknown command.
You hit the orc priest but do no damage.
The orc priest is lightly wounded.
You hit the giant cockroach. You burn the giant cockroach.
You kill the giant cockroach!
Trog accepts your kill. Robin throws the goblin at you!
* * * LOW HITPOINT WARNING * * *
A goblin comes into view. It is wielding a +2 dagger of draining.
The orc priest hits you with a +0 dagger.
* * * LOW HITPOINT WARNING * * *
The goblin hits you but does no damage.
Robin flexes a bicep menacingly.
Robin roars a battlecry!
The goblins go into a battle-frenzy!
The orc priest invokes the aid of Beogh against you.
Beogh smites you!
* * * LOW HITPOINT WARNING * * *
The goblin shouts!
The hobgoblin is attracted toward you. The goblin is attracted toward you. x2
As you read the scroll of teleportation, it crumbles to dust.
You feel strangely unstable. The goblin barely misses you.
The orc priest invokes the aid of Beogh against you.
Beogh smites you!
You die...

..
#..§§§.§.....
.##.≈≈≈≈≈≈≈≈≈..
..#...ggg...≈..
...≈.≈§≈§≈.≈.#
#.≈.≈...≈.≈.#
#.≈§≈._.≈.≈.#
#.≈g§...≈.≈..
#.≈@§)≈≈≈.≈..
#.≈og.)...≈..
#.≈≈≈≈≈≈≈≈≈..
#?.o........#
###........##
####....##
###... ##.# .#


You could see Robin, 2 orc priests, a hobgoblin (strong) and 3 goblins.

Vanquished Creatures
  Sigmund (D:3)
  A water moccasin skeleton (D:2)
  An orc priest (D:3)
  A statue (D:3)
  4 adders
  3 worms
  A dart slug (D:3)
  5 orcs (D:3)
  5 ball pythons
  3 endoplasms
  4 giant cockroaches
  9 goblins
  6 hobgoblins
  3 jackals (D:2)
  2 kobolds (D:3)
  2 quokkas
  7 bats
  4 frilled lizards
  A rat (D:1)
63 creatures vanquished.

Notes
Turn   | Place    | Note
-------+----------+-------------------------------------------
     0 | D:1      | lawman0 the Palentonga Berserker began the quest for the
                  | Orb.
     0 | D:1      | Reached XP level 1. HP: 19/19 MP: 1/1
   254 | D:1      | Reached XP level 2. HP: 25/25 MP: 2/2
   930 | D:2      | Reached XP level 3. HP: 28/31 MP: 3/3
  1399 | D:2      | Reached skill level 4 in Axes
  1399 | D:2      | Reached XP level 4. HP: 21/39 MP: 4/4
  1575 | D:2      | !
  1627 | D:2      | Found a faded altar of an unknown god.
  1661 | D:2      | Reached ** piety under Trog
  2245 | D:3      | Paralysed by a hobgoblin for 5 turns
  2255 | D:3      | Reached XP level 5. HP: 44/44 MP: 5/5
  2481 | D:3      | Reached skill level 5 in Axes
  2522 | D:3      | Noticed Sigmund
  2530 | D:3      | Killed Sigmund
  2531 | D:3      | Reached XP level 6. HP: 51/51 MP: 6/6
  2576 | D:3      | Found a radiant altar of Vehumet.
  2649 | D:3      | Found a hide-covered altar of Uskayaw.
  2649 | D:3      | Noticed Robin
  2656 | D:3      | Reached skill level 6 in Axes
  2665 | D:3      | HP: 2/51 [orc priest/divine providence (11)]
  2666 | D:3      | Killed from afar by an orc priest

Illustrated notes

#.. .....J...##+#.# #..
..............########..
>.......................
....?.........# ######.#
[............# #.#
.............# ####.#
.............# #....#
.......@.# ###.####
.........### #...####
...........# #.......
##+###.....# #.......
#.....######.....(.
#.....'....'.......
#.....######.......
#.....# #.......
############.......


Turn 1575 on D:2: !

Levels and vault maps discovered:
D:1:      sevenhm_arrival_forest_fort_large_4, layout_basic
D:2:      layout_basic, shapermc_ecumenical_altar_pompeii
D:3:      layout_loops_ring, nicolae_overflow_hidden_temple, vehumet_statue,
          mainiacjoe_overflow_concentric_impassable, kennysheep_generic_room_11,
          uniq_robin, uniq_sigmund, uniq_ijyb

Skill      XL: |  1  2  3  4  5  6 |
---------------+-------------------+-----
Axes           | 4 5 6 |  6.0
Dodging        | 2 |  2.5
Fighting       | 4 |  4.1
Armour         | 2 |  2.0
Stealth        | |  0.4

Action                   |  1- 3 |  4- 6 || total
-------------------------+-------+-------++-------
Melee: Hand axe          |    71 |    47 ||   118
       Tailslap          |     7 |     6 ||    13
       War axe           |       |    23 ||    23
Invok: Berserk           |     4 |     6 ||    10
 Abil: Rolling Charge    |       |     2 ||     2
  Use: Scroll            |       |     4 ||     4
       Potion            |       |     1 ||     1
Armor: Animal skin       |    35 |    15 ||    50
       Leather armour    |       |    32 ||    32
Dodge: Dodged            |    52 |    29 ||    81

Table legend: (Time is in decaauts)
 A = Elapsed time spent in this place.
 B = Non-inter-level travel time spent in this place.
 C = Inter-level travel time spent in this place.
 D = Time resting spent in this place.
 E = Time spent auto-exploring this place.
 F = Levels seen in this place.
 G = Mean time per level.
                   A        B        C        D        E       F      G
               +--------+--------+--------+--------+--------+-----+--------+
         Total |   2772 |   2662 |    110 |    352 |   1861 |   3 |  924.0 |
       Dungeon |   2772 |   2662 |    110 |    352 |   1861 |   3 |  924.0 |
               +--------+--------+--------+--------+--------+-----+--------+

Top non-repeatable levels by time:
     D:2: 1225 daAuts
     D:1: 927 daAuts
     D:3: 619 daAuts
